Map: 2000 Atmospheres LE

Players

Classic

  • Race: Protoss Protoss

LiquidClem (Clem) - Winner!

  • Race: Terran Terran

Event: StayAtHome Story Cup #4

VOD

Have the link to the VOD?

Description

Time

  • Played on: Oct. 22, 2021, 11:08 a.m.
  • Length: 14:47

All games in this series

Show
View Real Time Build Order
Export as new Build Order

Classic Protoss 

Build Orders: 1 Gate Expand, Blink Stalkers, Chargelot Immortal 

Get SALT Encoding   

  12  0:00  Probe  
  13  0:12  Probe  
  14  0:17  Pylon  
  14  0:24  Probe  
  15  0:35  Gateway  
  15  0:37  Probe (Chrono Boost)  
  16  0:46  Probe (Chrono Boost), Assimilator  
  17  0:51  Probe (Chrono Boost)  
  18  1:03  Probe  
  19  1:15  Probe  
  20  1:24  Cybernetics Core  
  21  1:39  Nexus  
  20  1:40  Pylon  
  20  1:43  Probe  
  20  1:47  Assimilator  
  21  1:55  Probe  
  21  1:57  Adept (Chrono Boost)  
  24  2:07  Probe  
  25  2:11  Pylon, Warp Gate  
  25  2:19  Probe (Chrono Boost)  
  25  2:21  Stalker  
  28  2:31  Probe (Chrono Boost)  
  29  2:38  Probe (Chrono Boost)  
  29  2:41  Twilight Council  
  30  2:48  Probe (Chrono Boost)  
  30  2:51  Stalker  
  31  2:53  Probe (Chrono Boost)  
  34  3:02  Probe (Chrono Boost)  
  34  3:03  Probe (Chrono Boost)  
  36  3:06  Shield Battery  
  36  3:07  Probe (Chrono Boost)  
  36  3:11  Probe  
  38  3:15  Blink (Chrono Boost)  
  38  3:16  Gateway  
  38  3:24  Probe x2  
  40  3:29  Stalker  
  42  3:36  Probe x2  
  44  3:44  Robotics Facility  
  44  3:45  Gateway  
  44  3:50  Probe x2  
  44  3:54  Pylon  
  46  3:58  Assimilator  
  46  4:02  Probe x2  
  44  4:14  Probe x2  
  45  4:25  Stalker x2  
  45  4:28  Probe x2  
  51  4:32  Warp Prism (Chrono Boost)  
  53  4:41  Stalker  
  53  4:45  Pylon  
  55  4:49  Stalker  
  55  4:52  Stalker  
  59  4:57  Probe x2  
  61  5:04  Stalker  
  61  5:05  Observer  
  64  5:15  Stalker x2  
  68  5:24  Nexus  
  68  5:26  Pylon  
  68  5:30  Stalker  
  68  5:35  Forge  
  70  5:41  Charge  
  70  5:53  Stalker x2  
  66  6:01  Stalker  
  66  6:03  Probe x2  
  66  6:04  Observer  
  63  6:15  Probe x2  
  63  6:17  Protoss Ground Weapons Level 1 (Chrono Boost)  
  65  6:23  Gateway  
  65  6:25  Gateway  
  63  6:26  Gateway  
  63  6:29  Stalker x2  
  63  6:32  Shield Battery  
  67  6:33  Stalker  
  69  6:40  Immortal  
  71  6:55  Stalker x2  
  71  6:56  Stalker  
  74  7:04  Probe x3  
  68  7:16  Probe x3  
  67  7:24  Immortal  
  67  7:28  Probe x3  
  70  7:37  Stalker x3, Pylon  
  70  7:40  Probe x2  
  70  7:41  Probe  
  70  7:42  Zealot x3  
  85  7:49  Pylon  
  85  8:03  Zealot x4  
  93  8:07  Zealot x2  
  93  8:08  Immortal (Chrono Boost)  
  93  8:09  Protoss Ground Armor Level 1 (Chrono Boost)  
  83  8:24  Probe x3, Zealot x2  
  83  8:25  Zealot x2  
  94  8:28  Zealot x2  
  94  8:33  Pylon  
  98  8:39  Warp Prism  
  100  8:50  Pylon  
  100  8:51  Pylon, Sentry x2, Shield Battery  
  100  8:52  Stalker  
  100  8:53  Pylon  
  100  8:54  Sentry  
  108  9:08  Zealot  
  108  9:11  Pylon  
  108  9:13  Assimilator  
  108  9:16  Zealot x4  
  108  9:17  Assimilator  
  108  9:20  Zealot  
  106  9:28  Immortal  
  110  9:31  Gateway  
  110  9:32  Gateway, Zealot  
  110  9:38  Zealot x3  
  110  9:40  Zealot  
  104  10:00  Stalker x5  
  104  10:01  Stalker  
  114  10:15  Immortal (Chrono Boost)  
  114  10:23  Stalker x4  
  114  10:24  Stalker x2  
  126  10:28  Zealot x2  
  116  10:48  Zealot x8  
  122  10:51  Protoss Ground Weapons Level 2 (Chrono Boost)  
  118  11:10  Zealot  
  118  11:11  Stalker x2, Zealot x3  
  126  11:12  Zealot x2  
  134  11:21  Templar Archives  
  134  11:22  Assimilator  
  134  11:30  Nexus  
  134  11:31  Pylon  
  134  11:34  Pylon  
  134  11:50  Psionic Storm  
  134  11:52  Zealot x5  
  144  12:01  High Templar x3  
  150  12:09  Warp Prism, Pylon  
  150  12:10  Pylon  
  152  12:15  Zealot  
  152  12:16  High Templar  
  152  12:21  Pylon  
  156  12:33  High Templar  
  156  12:34  High Templar  
  156  12:35  Zealot x4  
  164  12:39  Stalker  
  164  12:52  Stalker  
  166  13:02  High Templar x2, Zealot  
  172  13:06  Pylon  
  172  13:07  Pylon  
  172  13:08  Pylon  
  172  13:09  Archon  
  170  13:22  Archon  
  136  13:33  Zealot x3  
  136  13:34  Zealot x4  
  128  13:41  Archon  
  115  13:56  Nexus  
  115  13:58  High Templar x4  
  115  13:59  High Templar x2, Zealot x2  
  128  14:04  Archon x3  
  124  14:27  Zealot x2  
  102  14:32  Zealot x6  
Show
View Real Time Build Order
Export as new Build Order

LiquidClem Terran - Winner!

Build Orders:  

Get SALT Encoding   

  12  0:00  SCV  
  13  0:12  SCV  
  14  0:17  Supply Depot  
  14  0:24  SCV  
  15  0:39  SCV, Barracks  
  16  0:45  Refinery  
  16  0:51  SCV  
  17  1:03  SCV  
  18  1:04  Engineering Bay  
  18  1:15  SCV  
  18  1:26  Marine  
  18  1:27  Orbital Command  
  18  1:30  Supply Depot  
  19  1:44  Marine  
  19  1:45  Factory  
  20  1:53  SCV  
  21  2:04  Barracks Reactor  
  21  2:05  SCV  
  22  2:17  Command Center  
  22  2:18  SCV  
  23  2:30  SCV  
  24  2:41  Starport  
  24  2:43  Hellion  
  24  2:44  Hellion  
  28  2:46  Supply Depot  
  28  2:50  SCV  
  29  3:04  SCV  
  30  3:08  Hellion x2, Barracks Tech Lab  
  30  3:11  Refinery  
  34  3:18  SCV  
  35  3:22  Medivac  
  37  3:31  SCV  
  38  3:35  Factory Tech Lab, Marine  
  38  3:36  Marine  
  40  3:43  SCV  
  40  3:45  Barracks  
  40  3:47  Orbital Command  
  41  3:55  Cyclone  
  44  3:56  SCV  
  44  3:59  Marine x2  
  47  4:08  SCV  
  46  4:14  SCV  
  47  4:18  Marine  
  47  4:19  Marine  
  47  4:21  SCV  
  50  4:26  SCV  
  50  4:31  Supply Depot  
  51  4:33  SCV, Starport  
  51  4:36  Barracks  
  51  4:37  Bunker  
  52  4:38  SCV  
  52  4:39  Marine  
  52  4:42  Stimpack  
  54  4:49  Supply Depot  
  54  4:52  SCV, Marine, Marauder  
  58  4:53  Supply Depot, SCV  
  58  4:56  Factory Tech Lab  
  58  4:57  Marine  
  60  5:00  Starport Reactor  
  60  5:03  Refinery  
  60  5:04  SCV  
  60  5:05  SCV  
  62  5:10  Marine  
  65  5:14  Marauder  
  65  5:15  Marine, Siege Tank  
  65  5:17  SCV  
  65  5:18  SCV  
  65  5:21  Supply Depot  
  71  5:24  Barracks Tech Lab  
  71  5:29  SCV, Marine  
  71  5:30  SCV  
  71  5:32  Marine  
  71  5:35  Marine  
  76  5:38  Medivac  
  76  5:39  Supply Depot  
  76  5:42  SCV, Medivac  
  81  5:43  Marauder  
  81  5:44  SCV  
  81  5:47  Refinery  
  84  5:50  Marine  
  84  5:53  Marine  
  84  5:56  SCV, Marauder  
  81  6:07  Marauder  
  81  6:08  Marine  
  81  6:09  SCV  
  73  6:11  SCV  
  73  6:15  Marine  
  73  6:16  Medivac  
  73  6:17  Marauder  
  77  6:26  Marine  
  77  6:30  SCV x2  
  77  6:31  Supply Depot  
  80  6:33  Command Center  
  80  6:37  Marine x2  
  82  6:40  Marauder  
  82  6:42  SCV  
  82  6:43  SCV  
  82  6:47  Marine  
  83  6:50  Siege Tank  
  86  6:55  Supply Depot  
  86  6:56  Marine  
  86  6:57  Marauder  
  86  7:01  Medivac x2  
  93  7:06  Marauder  
  90  7:10  Marine  
  90  7:12  SCV x2  
  90  7:14  Marine  
  86  7:18  Marauder  
  86  7:28  Marauder  
  84  7:30  Barracks  
  84  7:31  Barracks  
  84  7:33  Marine x2  
  84  7:35  Medivac x2  
  84  7:36  SCV x2  
  92  7:38  Siege Tank  
  95  7:45  Supply Depot  
  95  7:46  Orbital Command  
  95  7:49  SCV  
  96  7:51  Marine x2  
  96  7:53  Marauder  
  96  7:55  Marauder  
  102  8:02  Concussive Shells  
  101  8:09  SCV x2, Marine x2  
  98  8:15  SCV, Marauder  
  98  8:16  Marine  
  98  8:19  Barracks Reactor, Barracks Tech Lab, Siege Tank  
  101  8:21  SCV x2  
  101  8:24  Supply Depot  
  103  8:27  Marine x2  
  103  8:29  SCV  
  103  8:33  Engineering Bay  
  106  8:34  Engineering Bay  
  106  8:36  SCV  
  106  8:37  SCV  
  106  8:39  Marauder x2  
  106  8:40  Marauder, Combat Shield  
  114  8:42  SCV  
  114  8:46  Marine x2  
  117  8:48  SCV  
  117  8:49  Liberator  
  117  8:52  Liberator  
  124  8:56  Marine x2  
  124  8:57  SCV x2  
  124  9:01  SCV  
  124  9:02  Marauder  
  130  9:04  Marine x2  
  130  9:05  Marauder  
  136  9:10  SCV, Marauder  
  136  9:12  Supply Depot x2, Terran Infantry Weapons Level 1  
  136  9:17  Marine  
  134  9:21  Terran Infantry Armor Level 1, Marine  
  134  9:23  Marauder  
  134  9:24  Marine x2  
  134  9:28  Supply Depot, Refinery x2, Marine  
  134  9:31  Siege Tank  
  140  9:34  Marine  
  140  9:36  SCV  
  135  9:38  Marauder  
  135  9:39  SCV  
  135  9:41  Marine  
  135  9:42  Marine x2  
  133  9:47  Marauder x2  
  133  9:52  Supply Depot, Marine  
  135  9:54  Command Center  
  135  9:57  Armory  
  137  10:00  Marauder  
  137  10:01  Marine x2  
  137  10:02  Marine  
  137  10:07  Siege Tank  
  142  10:08  Marauder x2  
  142  10:11  Supply Depot  
  146  10:16  Medivac x2  
  146  10:19  Supply Depot, Ghost Academy  
  152  10:21  Marauder  
  152  10:26  Marine x3  
  152  10:27  Marine  
  152  10:28  SCV x3  
  159  10:32  Marine, Marauder  
  161  10:41  Command Center  
  153  10:44  Marine  
  153  10:46  Siege Tank  
  153  10:47  Marine x2  
  153  10:49  Medivac x2  
  161  10:53  Marauder x2, Marine  
  161  10:54  Marine  
  162  11:04  Supply Depot  
  160  11:05  Marine  
  161  11:12  Marauder  
  161  11:14  Barracks, Marine, Marauder  
  161  11:15  Barracks, Marauder  
  161  11:17  Barracks  
  168  11:20  Siege Tank  
  168  11:22  Marine  
  168  11:23  Marine  
  173  11:30  Terran Infantry Weapons Level 2  
  173  11:33  Marauder  
  173  11:34  Terran Infantry Armor Level 2  
  173  11:35  Ghost  
  177  11:42  Missile Turret  
  177  11:43  Missile Turret  
  177  11:46  Marine x4  
  180  11:50  Ghost  
  180  11:52  SCV x2  
  182  11:58  Marauder  
  184  12:04  Barracks Reactor, Barracks Tech Lab x2  
  184  12:08  Missile Turret, Marine x4  
  185  12:09  Siege Tank  
  189  12:18  Marauder  
  189  12:19  Marauder  
  189  12:22  Ghost x2  
  196  12:24  Planetary Fortress  
  196  12:27  SCV x3  
  196  12:28  Missile Turret  
  195  12:30  Marine  
  195  12:35  Marine x2  
  195  12:36  Marauder  
  200  12:43  Command Center  
  199  13:00  Enhanced Shockwaves  
  199  13:01  Refinery  
  199  13:02  Refinery  
  199  13:05  Supply Depot  
  198  13:24  Marauder x2, Marine x3, Siege Tank  
  176  13:27  Ghost  
  176  13:28  Marine  
  176  13:29  Marine x2  
  176  13:30  Marauder  
  176  13:33  Medivac x2  
  160  13:35  Marauder  
  158  13:42  Marine x3  
  158  13:46  Marauder x2  
  158  13:51  Marine x2  
  158  13:52  Marauder  
  153  13:56  Marauder  
  153  13:58  Sensor Tower  
  153  13:59  Ghost  
  153  14:00  Siege Tank  
  153  14:01  Marine x2  
  162  14:03  Medivac  
  162  14:04  Missile Turret  
  162  14:06  Ghost  
  162  14:09  Marine x2  
  168  14:10  Ghost  
  168  14:15  Ghost  
  168  14:17  Marine x3  
  172  14:20  Missile Turret  
  172  14:23  SCV  
  176  14:26  Marine x2  
  176  14:27  Marine  
  176  14:28  Marine  
  176  14:29  SCV  
  165  14:35  SCV  
Tags
 
Add a new tag
Caveats
  • Supply blocks, unpowered buildings, or Contaminate may cause inaccurate times.
  • Supply counts are checked every 10 seconds.